 Dungeon Crawl Stone Soup version 0.24.0-41-g2ae2f7f1be (webtiles) character file.

Game seed: 13223316311093431346, levelgen mode: deterministic

4872 Peloso the Carver (level 10, -2/88 HPs)
             Began as a Minotaur Fighter on Dec 9, 2019.
             Was an Elder of Okawaru.
             Slain by an ogre
             ... wielding a +0 giant club
              (11 damage)
             ... while paralysed by an orc sorcerer
             ... on level 1 of the Orcish Mines.
             The game lasted 00:19:54 (7539 turns).

Peloso the Carver (Minotaur Fighter)                Turns: 7539, Time: 00:19:55

Health: -2/88      AC: 18    Str: 22    XL:     10   Next: 26%
Magic:  7/9        EV:  2    Int:  5    God:    Okawaru [****..]
Gold:   512        SH:  0    Dex: 12    Spells: 9/9 levels left

rFire    . . .     SeeInvis .   a - +0 long sword
rCold    . . .     Gourm    .   c - +0 shield
rNeg     . . .     Faith    +   u - +0 plate armour
rPois    .         Spirit   .   (helmet restricted)
rElec    .         Reflect  .   J - +0 cloak
rCorr    .         Harm     .   (no gloves)
MR       .....                  (no boots)
Stlth    ..........             G - amulet of faith
HPRegen  0.24/turn              H - ring of stealth
MPRegen  0.11/turn              (no ring)

@: paralysed, heroism, lightly drained
A: retaliatory headbutt, horns 2
a: Heroism, Renounce Religion


You were on level 1 of the Orcish Mines.
You worshipped Okawaru.
Okawaru was greatly pleased with you.
You were very hungry.

You visited 3 branches of the dungeon, and saw 12 of its levels.

You collected 608 gold pieces.
You spent 96 gold pieces at shops.

Inventory:

Hand Weapons
 a - a +0 long sword (weapon)
 b - a +0 hand axe of flaming
Armour
 c - a +0 shield (worn)
 q - a +0 chain mail
 u - a +0 plate armour (worn)
 J - a +0 cloak (worn)
Jewellery
 s - an uncursed ring of wizardry
 t - an uncursed ring of fire
 x - an uncursed ring of wizardry
 G - an amulet of faith (around neck)
 H - a ring of stealth (left hand)
Wands
 C - a wand of digging (2)
 I - a wand of paralysis (8)
Scrolls
 e - a scroll of amnesia
 g - a scroll of identify
 h - 7 scrolls of remove curse
 j - 2 scrolls of noise
 m - 2 scrolls of magic mapping
 o - 4 scrolls of teleportation
 p - a scroll of enchant armour
 r - 2 scrolls of blinking
 y - 2 scrolls of enchant weapon
 B - a scroll of holy word
Potions
 d - a potion of might
 i - 4 potions of curing
 l - 4 potions of mutation
 n - a potion of brilliance
 v - a potion of heal wounds
 w - a potion of berserk rage
 z - 3 potions of agility
 A - 2 potions of ambrosia
 E - 2 potions of haste
 F - a potion of lignification {unknown}
 K - a potion of invisibility {unknown}
Comestibles
 f - 22 rations


   Skills:
 + Level 7.7(12.6) Fighting
 + Level 10.6(15.5) Long Blades
   Level 0.1(5.0) Maces & Flails
 + Level 9.5(14.3) Armour
 + Level 3.1(8.0) Dodging
 + Level 0.3(5.2) Stealth
 + Level 9.8(14.6) Shields
 + Level 0.1(0.0) Invocations


You had 9 spell levels left.
You didn't know any spells.
Your spell library contained the following spells:

 Spells                   Type           Power        Failure   Level  Hunger
 Sandblast                Erth           #.....       99%         1    ##.....
 Shock                    Conj/Air       #...         99%         1    ##.....
 Passwall                 Tmut/Erth      #.......     100%        2    ###....
 Swiftness                Chrm/Air       #.......     100%        2    ###....
 Static Discharge         Conj/Air       #.......     100%        3    ####...
 Stone Arrow              Conj/Erth      #.....       100%        3    ####...
 Airstrike                Air            #.........   100%        4    #####..
 Petrify                  Tmut/Erth      #.......     100%        4    #####..
 Lee's Rapid Deconstruct  Erth           #.........   100%        5    ######.
 Lightning Bolt           Conj/Air       #.........   100%        5    ######.


Dungeon Overview and Level Annotations

Branches:
Dungeon (9/15)             Temple (1/1) D:5            Lair (0/6) D:8
    Orc (2/2) D:9
    Elf: Orc:2

Altars:
Ashenzari
Cheibriados
Dithmenos
Elyvilon
Fedhas
Gozag
Hepliaklqana
Makhleb
Nemelex Xobeh
Okawaru
Qazlal
Ru
Sif Muna
Trog
Uskayaw
Vehumet
Wu Jian
Xom
Yredelemnul
The Shining One

Shops:
D:6 *   D:7 *

Annotations:
D:7 1 runed translucent door


Innate Abilities, Weirdness & Mutations

You reflexively headbutt those who attack you in melee.
You have a pair of horns on your head.


Message History

You barely miss the orc sorcerer.
The orc sorcerer is severely wounded.
The orc sorcerer completely misses you. You furiously retaliate!
You headbutt the orc sorcerer. The ogre hits you but does no damage.
You hit the orc sorcerer.
You headbutt the orc sorcerer, but do no damage.
The orc sorcerer is almost dead.
The orc sorcerer points at you and mumbles some strange words.
You suddenly lose the ability to move!
The ogre hits you with a +0 giant club!
The orc sorcerer points at you and mumbles some strange words.
You resist with significant effort. The ogre hits you with a +0 giant club!
* * * LOW HITPOINT WARNING * * *
The orc sorcerer gestures at you while chanting.
The bolt of fire hits you!
* * * LOW HITPOINT WARNING * * *
The orc sorcerer hits you but does no damage.
The ogre hits you with a +0 giant club!
You die...

##...........#
.#
###........##
.###
####...###
...## #.>..#
....# #..###
....# ####
....#..
###.......
#.@o$....#
#.$.O.....#
..........###
............#
.##.......###
#......###
#....#.#
###..#.#


You could see an orc sorcerer and an ogre.

Vanquished Creatures
  Maurice (D:8)
  Joseph (D:9)
  2 trolls
  A hippogriff (D:8)
  A spriggan (D:7)
  A wyvern (D:8)
  A steam dragon (D:8)
  2 water moccasins
  Duvessa (D:4)
  An orc warrior (D:8)
  An ice beast (D:7)
  A necrophage (D:8)
  3 ogres
  2 phantoms
  3 crocodiles (D:8)
  4 bullfrogs
  Blork the orc (D:5)
  Dowan (D:4)
  A water moccasin skeleton (D:5)
  A scorpion (D:8)
  3 wights (D:8)
  A howler monkey (D:5)
  2 jellies
  A bullfrog zombie (D:5)
  2 hounds
  5 orc priests
  11 orc wizards
  A human skeleton (D:7)
  Terence (D:3)
  3 iguanas
  4 worker ants
  2 hound zombies
  A hound skeleton (D:6)
  8 adders
  11 gnolls
  2 shadow imps
  An ooze (D:1)
  2 adder skeletons
  2 worms (D:2)
  3 dart slugs
  8 leopard geckos
  32 orcs
  A ball python (D:4)
  8 giant cockroaches
  11 hobgoblins
  12 jackals
  9 kobolds
  5 quokkas
  6 bats
  4 frilled lizards
  7 goblins
  A quokka skeleton (D:4)
  2 rats
202 creatures vanquished.

Vanquished Creatures (others)
  A wyvern (D:8)
1 creature vanquished.

Grand Total: 203 creatures vanquished

Notes
Turn   | Place    | Note
-------+----------+-------------------------------------------
     0 | D:1      | Peloso the Minotaur Fighter began the quest for the Orb.
     0 | D:1      | Reached XP level 1. HP: 19/19 MP: 0/0
   139 | D:1      | Reached XP level 2. HP: 22/27 MP: 1/1
   563 | D:2      | Reached XP level 3. HP: 33/33 MP: 2/2
   582 | D:2      | Reached skill level 3 in Long Blades
   598 | D:2      | Reached XP level 4. HP: 17/40 MP: 3/3
   624 | D:2      | Found a shimmering altar of Xom.
  1247 | D:3      | Noticed Terence
  1259 | D:3      | Killed Terence
  1259 | D:3      | Reached XP level 5. HP: 47/47 MP: 4/4
  1306 | D:3      | Reached skill level 4 in Long Blades
  1514 | D:3      | Reached skill level 5 in Armour
  1745 | D:4      | Noticed an ogre
  1769 | D:4      | Killed an ogre
  1769 | D:4      | Reached skill level 5 in Long Blades
  1769 | D:4      | Reached skill level 5 in Shields
  1769 | D:4      | Reached XP level 6. HP: 34/53 MP: 5/5
  1929 | D:4      | Noticed Duvessa
  1929 | D:4      | Noticed Dowan
  1969 | D:4      | Noticed Blork the orc
  1979 | D:5      | Entered Level 5 of the Dungeon
  2253 | D:5      | Reached skill level 1 in Dodging
  2437 | D:5      | Found a staircase to the Ecumenical Temple.
  2452 | Temple   | Entered the Ecumenical Temple
  2631 | D:5      | Reached skill level 6 in Long Blades
  2631 | D:5      | Reached XP level 7. HP: 55/60 MP: 6/6
  2734 | D:5      | Found a white marble altar of Elyvilon.
  2855 | D:5      | Found a basalt altar of Yredelemnul.
  3082 | D:6      | Found Ymoytsit's General Store.
  3134 | D:6      | Found an iron altar of Okawaru.
  3140 | D:6      | Became a worshipper of Warmaster Okawaru
  3146 | D:6      | Found a glowing golden altar of the Shining One.
  3161 | D:6      | Reached skill level 5 in Fighting
  3502 | D:6      | Reached skill level 7 in Long Blades
  3502 | D:6      | Reached XP level 8. HP: 64/69 MP: 7/7
  3758 | D:6      | Reached * piety under Okawaru
  3948 | D:7      | Found a runed translucent door.
  3949 | D:7      | Found a basalt altar of Yredelemnul.
  4047 | D:7      | Found Kerila's General Store.
  4050 | D:7      | Bought a potion of mutation for 96 gold pieces
  4367 | D:7      | Reached ** piety under Okawaru
  4367 | D:7      | Reached skill level 8 in Long Blades
  4932 | D:8      | Reached XP level 9. HP: 47/78 MP: 8/8
  5520 | D:8      | Reached skill level 9 in Long Blades
  5660 | D:8      | Noticed Maurice
  5672 | D:8      | Reached *** piety under Okawaru
  5691 | D:8      | Killed Maurice
  5888 | D:8      | Found a staircase to the Lair.
  6004 | D:8      | Found a shimmering blue altar of Sif Muna.
  6008 | D:8      | Found a sparkling altar of Nemelex Xobeh.
  6008 | D:8      | Found a blossoming altar of Fedhas.
  6037 | D:8      | Found a snail-covered altar of Cheibriados.
  6037 | D:8      | Found a stormy altar of Qazlal.
  6132 | D:5      | Killed Blork the orc
  6132 | D:5      | Reached **** piety under Okawaru
  6132 | D:5      | Reached skill level 10 in Long Blades
  6148 | D:4      | Killed Dowan
  6200 | D:4      | Killed Duvessa
  6266 | D:4      | Got a shimmering mace
  6272 | D:4      | Identified the cursed +3 mace of Entrepreneurial Spirit
                  | {holy, rC+} (You found it on level 4 of the Dungeon)
  6708 | D:9      | Reached XP level 10. HP: 67/86 MP: 9/9
  7072 | D:9      | Found a staircase to the Orcish Mines.
  7082 | D:9      | Noticed Joseph
  7110 | D:9      | Killed Joseph
  7449 | Orc:1    | Entered Level 1 of the Orcish Mines
  7525 | Orc:1    | You fall into a shaft and drop 1 floor!
  7525 | Orc:2    | Entered Level 2 of the Orcish Mines
  7525 | Orc:2    | Noticed an orc sorcerer
  7526 | Orc:2    | Noticed an orc high priest
  7526 | Orc:2    | Noticed an orc sorcerer
  7528 | Orc:2    | Noticed a sixfirhy
  7529 | Orc:1    | Noticed an orc sorcerer
  7536 | Orc:1    | Paralysed by an orc sorcerer for 3 turns
  7539 | Orc:1    | Slain by an ogre

Levels and vault maps discovered:
D:1:      denvon_arrival_planthouse, layout_basic, serial_bayou_pond_c
D:2:      layout_rooms, lemuel_crystal_altar, first_ration, minmay_tetromino_s4
D:3:      layout_basic, uniq_terence
D:4:      layout_gridville, uniq_blork_the_orc, uniq_duvessa
D:5:      layout_loops_ring, kennysheep_ying_yang, minmay_temple_entry_trees,
          minmay_misc_feat_hallway, grunt_decor_resistance
D:6:      layout_loops_cross, overflow_temple_1_default, kennysheep_little_box,
          serial_shops, shop, corner_web_ring, st_stairs_9
D:7:      layout_cave_pools, serial_shops, kennysheep_mini_moat, the_bakery,
          dk_yredelemnul_ordeal
D:8:      layout_cave_pools, minmay_overflow_temple_star_hex, erik_lair_dragon,
          uniq_maurice
D:9:      layout_big_octagon, kennysheep_mini, lemuel_crystal_altar, uniq_joseph
Temple:   zaba_magenta_temple
Orc:1:    layout_diamond_mine, mines2_lemuel
Orc:2:    grunt_orc_community_town_hall, layout_diamond_mine,
          grunt_orc_community_big_house_2, grunt_orc_community_big_house_2,
          grunt_orc_community_house_3, grunt_orc_community_house_3,
          grunt_orc_community_house_1, grunt_orc_community_house_1,
          grunt_orc_community_house_1

Skill      XL: |  1  2  3  4  5  6  7  8  9 |
---------------+----------------------------+-----
Armour         | 4 5 6 7 9 |  9.5
Fighting       | 4 5 6 7 |  7.7
Shields        | 4 5 6 7 9 |  9.8
Long Blades    | 3 5 6 7 8 10 | 10.6
Dodging        | 1 2 3 |  3.1
Maces & Flails | |  0.1
Stealth        | |  0.3
Invocations    | |  0.1

Action                   |  1- 3 |  4- 6 |  7- 9 | 10-12 || total
-------------------------+-------+-------+-------+-------++-------
Melee: Long sword        |    52 |   205 |   395 |    85 ||   737
       Headbutt          |    11 |    41 |    97 |    23 ||   172
       Mace              |       |       |    15 |       ||    15
Invok: Heroism           |       |       |       |     4 ||     4
  Use: Potion            |       |     4 |     1 |     1 ||     6
       Scroll            |       |       |    17 |       ||    17
  Eat: Chunk             |       |     5 |    14 |     2 ||    21
Armor: Scale mail        |    25 |    18 |       |       ||    43
       Chain mail        |       |    72 |       |       ||    72
       Plate armour      |       |    30 |   216 |    52 ||   298
Dodge: Dodged            |    22 |    43 |    86 |    37 ||   188
Block: Shield            |    26 |    99 |   244 |    56 ||   425
       Rpst.: Long sword |     7 |     8 |    15 |     7 ||    37
